 Dungeon Crawl Stone Soup version 0.25-a0-310-g60f0ac2d9a (webtiles) character file.

Game seed: 6641195029584904310, levelgen mode: deterministic

36 ANON1729 the Sneak (level 3, -8/21 HPs)
             Began as an Octopode Earth Elementalist on Dec 23, 2019.
             Mangled by Crazy Yiuf
             ... wielding a +3 quarterstaff of chaos
              (10 damage)
             ... on level 2 of the Dungeon.
             The game lasted 00:01:57 (1388 turns).

ANON1729 the Sneak (Octopode Earth Elementalist)    Turns: 1388, Time: 00:01:59

Health: -8/21      AC:  1    Str:  7    XL:     3   Next: 37%
Magic:  2/6        EV: 13    Int: 17    God:
Gold:   11         SH:  0    Dex: 13    Spells: 5/6 levels left

rFire    . . .     SeeInvis .     - Unarmed
rCold    . . .     Gourm    .   (no shield)
rNeg     . . .     Faith    .   (helmet restricted)
rPois    .         Spirit   .   (no amulet)
rElec    .         Reflect  .   (no ring)
rCorr    .         Harm     .   (no ring)
MR       .....                  (no ring)
Stlth    +++.......             (no ring)
HPRegen  0.07/turn              (no ring)
MPRegen  0.10/turn              (no ring)
                                (no ring)
                                (no ring)

@: lethally poisoned (-8 -> -33), very slightly contaminated
A: almost no armour, stealthy swim, amphibious, 8 rings, constrict 8, camouflage
1, gelatinous body 1
a: no special abilities


You were on level 2 of the Dungeon.
You were hungry.

You visited 1 branch of the dungeon, and saw 2 of its levels.

You collected 11 gold pieces.

Inventory:

Missiles
 b - 73 stones (quivered)
Scrolls
 d - a scroll of magic mapping {unknown}
 g - a scroll of enchant armour {unknown}
 i - a scroll of enchant weapon {unknown}
Potions
 a - 2 potions of flight {unknown}
 e - a potion of heal wounds {unknown}
 f - 2 potions of might {unknown}
 h - a potion of haste {unknown}
Comestibles
 c - 3 rations


   Skills:
 + Level 2.3 Dodging
 + Level 3.3 Stealth
 + Level 1.1 Unarmed Combat
 + Level 2.3 Spellcasting
   Level 1.0 Transmutations
 + Level 3.3 Earth Magic


You had 5 spell levels left.
You knew the following spells:

 Your Spells              Type           Power        Failure   Level  Hunger
a - Sandblast             Erth           ##....       4%          1    #......

Your spell library contained the following spells:

 Spells                   Type           Power        Failure   Level  Hunger
 Passwall                 Tmut/Erth      #.......     12%         2    ###....
 Stone Arrow              Conj/Erth      #.....       28%         3    ###....
 Petrify                  Tmut/Erth      #.......     58%         4    #####..
 Lee's Rapid Deconstruct  Erth           ##........   80%         5    ######.


Dungeon Overview and Level Annotations

Branches:
Dungeon (1/15)

Altars:

Annotations:
D:2 Crazy Yiuf


Innate Abilities, Weirdness & Mutations

You cannot wear most types of armour.
You are very stealthy in the water. (Stealth+)
You are amphibious.
You can wear up to eight rings at the same time.
You can use your tentacles to constrict eight enemies at once.
Your skin changes colour to match your surroundings (Stealth+).
Your rubbery body absorbs attacks. (AC +1, EV +1)


Message History

The blast of sand hits Crazy Yiuf but does no damage.
Crazy Yiuf is almost dead.
b - 73 stones Crazy Yiuf whimpers, "You tired poople!"
Crazy Yiuf hits you with a +3 quarterstaff of chaos!
Ouch! That really hurt!
* * * LOW HITPOINT WARNING * * *
You are lethally poisoned!
Casting: Sandblast (safe; 4% risk of failure)
Confirm with . or Enter, or press ? or * to list all spells.
Aiming: Sandblast (safe; 4% risk of failure)
Press: ? - help, Shift-Dir - straight line, f/p - Crazy Yiuf
Aim: Crazy Yiuf, wielding a +3 quarterstaff of chaos and wearing a +0 cloak (almost dead)
You miscast Sandblast.
You are very lightly contaminated with residual magic.
You feel momentarily lethargic.
* * * LOW HITPOINT WARNING * * *
You feel sick.
Crazy Yiuf hits you with a +3 quarterstaff of chaos!
You die...

#....####.(.......#.#...#.
#........#........#.#.###.
########...###########...#.......
...........# #..........†
######.....# ##### #...........
...........# #)..# #....#######
######...### #...# #.##.#
########## #.g.# #.##.# .....#
#@# #.##.# .....# ♣.♣♣ #.##.#
.÷...# ♣♣.♣ #.##.# .....# ♣.♣♣
#.##.# .....# ♣♣.♣ #.##.# ######
♣♣.♣♣ #.##.####### # ♣♣...♣
#.##.#...... # #### ♣....♣
#.##.#.##### # #..# #....#
#.##.#.#


You could see Crazy Yiuf.

Vanquished Creatures
  An adder (D:2)
  A dart slug (D:2)
  A leopard gecko (D:2)
  2 giant cockroaches (D:2)
  2 goblins
  2 hobgoblins (D:2)
  2 kobolds (D:2)
  6 bats
  A frilled lizard (D:2)
  6 rats (D:2)
24 creatures vanquished.

Notes
Turn   | Place    | Note
-------+----------+-------------------------------------------
     0 | D:1      | ANON1729 the Octopode Earth Elementalist began the quest
                  | for the Orb.
     0 | D:1      | Reached XP level 1. HP: 11/11 MP: 3/3
   169 | D:1      | You fall into a shaft and drop 1 floor!
   465 | D:2      | Reached XP level 2. HP: 17/17 MP: 5/5
   639 | D:2      | Reached XP level 3. HP: 19/21 MP: 3/6
   814 | D:2      | Reached skill level 1 in Unarmed Combat
   955 | D:2      | Found a runed translucent door.
   956 | D:2      | Noticed Crazy Yiuf
  1388 | D:2      | Mangled by Crazy Yiuf

Levels and vault maps discovered:
D:1:      sevenhm_arrival_forest_fort_small_5, layout_basic, grunt_decor_clamped
D:2:      layout_basic, uniq_crazy_yiuf_cottage

Skill      XL: |  1  2  3 |
---------------+----------+-----
Stealth        | 3 |  3.3
Unarmed Combat | 1 |  1.1
Dodging        | |  2.3
Spellcasting   | |  2.3
Transmutations | |  1.0
Earth Magic    | |  3.3

Action                   || total
-------------------------++-------
Melee: Unarmed           ||    65
       Constrict         ||    19
       Tentacles         ||    11
 Cast: Sandblast         ||     5
 Stab: Sleeping          ||    11
  Eat: Chunk             ||     1
Armor: Skin              ||    16
Dodge: Dodged            ||    53

Table legend:
 A = Non-vault XP
 B = Vault XP
 C = Vault XP percentage of total XP
 D = Non-vault monster count
 E = Vault monster count
 F = Vault count percentage of total count
                 A         B        C        D         E       F
            +---------+---------+-------+---------+---------+-------
      Total |      52 |       0 |   0.0 |      24 |       0 |   0.0
            +---------+---------+-------+---------+---------+-------
        D:1 |       3 |       0 |   0.0 |       2 |       0 |   0.0
        D:2 |      49 |       0 |   0.0 |      22 |       0 |   0.0
            +---------+---------+-------+---------+---------+-------
